 Dungeon Crawl Stone Soup version 0.26.1-11-gd32895ea62 (webtiles) character file.

Game seed: 16950768974545003183

593 MisterFreud the Conjurer (level 7, -10/54 HPs)
             Began as a Demonspawn Conjurer on Apr 21, 2021.
             Mangled by a troll (14 damage)
             ... on level 5 of the Dungeon.
             The game lasted 00:07:23 (5845 turns).

MisterFreud the Conjurer (Demonspawn Conjurer)      Turns: 5845, Time: 00:07:24

Health: -10/54     AC:  3    Str:  7    XL:     7   Next: 16%
Magic:  10/13      EV: 12    Int: 22    God:
Gold:   233        SH:  0    Dex: 11    Spells: 9/14 levels left

rFire    . . .     SeeInvis .   h - +0 dagger (venom)
rCold    + . .     Faith    .   (no shield)
rNeg     . . .     Spirit   .   a - +0 robe
rPois    .         Reflect  .   j - +1 hat
rElec    .         Harm     .   (no cloak)
rCorr    .         Rampage  .   (no gloves)
Will     .....                  (no boots)
Stlth    +.........             (no amulet)
HPRegen  0.18/turn              (no ring)
MPRegen  0.13/turn              (no ring)

@: no status effects
A: antennae 2, claws 1, hooves 1, cold resistance 1
a: no special abilities


You were on level 5 of the Dungeon.
You visited 1 branch of the dungeon, and saw 5 of its levels.

You collected 233 gold pieces.

Inventory:

Hand Weapons
 b - a +0 club
 h - a +0 dagger of venom (weapon)
Armour
 a - a +0 robe (worn)
 j - a +1 hat (worn)
Wands
 l - a wand of digging (5)
 u - a wand of flame (21)
Scrolls
 c - 2 scrolls of enchant armour {unknown}
 d - 4 scrolls of teleportation {unknown}
 e - a scroll of fear {unknown}
 g - 7 scrolls of identify {unknown}
 i - 2 scrolls of blinking {unknown}
 k - a scroll of immolation {unknown}
 p - a scroll of random uselessness {unknown}
 s - a scroll of amnesia {unknown}
 t - 2 scrolls of fog {unknown}
Potions
 f - 3 potions of ambrosia {unknown}
 m - a potion of cancellation {unknown}
 n - a potion of curing
 o - a potion of haste {unknown}
 q - a potion of lignification {unknown}
 r - a potion of mutation {unknown}


   Skills:
 - Level 4.0 Fighting
 + Level 2.5 Dodging
 - Level 1.7 Stealth
 - Level 4.0 Spellcasting
 - Level 6.0 Conjurations
 + Level 1.2 Hexes


You had 9 spell levels left.
You knew the following spells:

 Your Spells              Type           Power        Failure   Level
a - Magic Dart            Conj           100%         1%          1
b - Fulminant Prism       Conj/Hex       10%          26%         4

Your spell library contained the following spells:

 Spells                   Type           Power        Failure   Level
 Searing Ray              Conj           60%          1%          2
 Dazzling Flash           Conj/Hex       40%          8%          3
 Iskenderun's Mystic Bla  Conj/Tloc      17%          32%         4


Dungeon Overview and Level Annotations

Branches:
Dungeon (5/15)
 Temple: D:4-7

Altars:
Cheibriados
Dithmenos
Trog
Xom

Annotations:
D:4 1 runed translucent door, kalagan's ghost, novice DECj


Innate Abilities, Weirdness & Mutations

You have a pair of antennae on your head.
You have sharp fingernails.
You have large cloven feet.
Your flesh is cold resistant. (rC+)


Message History

Press: ? - help, Shift-Dir - straight line, f/p - troll
Aim: a troll (lightly wounded, 0% to evade)
The magic dart hits the troll.
The troll is moderately wounded.
You barely miss the troll.
The troll is lightly wounded.
The troll barely misses you. x2; The troll claws you!
You hit the troll.
The troll is poisoned.
You kick the troll, but do no damage.
The troll is lightly wounded.
The troll closely misses you. The troll claws you! x2
You hit the troll but do no damage.
The troll looks as sick as possible!
The troll is moderately wounded.
The troll completely misses you. The troll claws you!
* * * LOW HITPOINT WARNING * * *
The troll claws you!
* * * LOW HITPOINT WARNING * * *
You closely miss the troll.
The troll is moderately wounded.
The troll bites you!
You die...

.. _. . .# .. # .### #.#
.# .. ...## ##..# .###...
....#####...# ......#
#.....#..#######......#
##...<.......#..<.#.#..#
#....รท.$...#...T@......#
#..........##..##.......
#..##..$.......# .......
#.......#.....## .......
##......###..## ......>
##........... .......
#............T .......
#.............. .......
#...........


You could see a troll (extremely poisoned).

Vanquished Creatures
  A black bear (D:4)
  Blork the orc (D:4)
  A scorpion (D:5)
  A howler monkey (D:2)
  2 hounds
  Jessica (D:2)
  Terence (D:2)
  An orc wizard (D:4)
  A worker ant (D:4)
  Robin (D:2)
  3 adders
  3 gnolls (D:3)
  An ooze (D:4)
  3 worms
  2 dart slugs (D:1)
  5 leopard geckos
  6 orcs
  2 ball pythons
  7 bats
  6 giant cockroaches
  11 goblins
  12 hobgoblins
  2 jackals (D:1)
  11 kobolds
  11 frilled lizards
  A giant cockroach zombie (D:5)
  8 rats
105 creatures vanquished.

Vanquished Creatures (others)
  3 plants (D:2)
  2 withered plants (D:4)
5 creatures vanquished.

Grand Total: 110 creatures vanquished

Notes
Turn   | Place    | Note
-------+----------+-------------------------------------------
     0 | D:1      | MisterFreud the Demonspawn Conjurer began the quest for the
                  | Orb.
     0 | D:1      | Reached XP level 1. HP: 13/13 MP: 3/3
   459 | D:1      | Gained mutation: You have sharp fingernails. [demonic
                  | ancestry]
   459 | D:1      | Reached XP level 2. HP: 19/19 MP: 1/5
  1076 | D:1      | Reached skill level 5 in Conjurations
  1206 | D:1      | Reached XP level 3. HP: 24/24 MP: 4/6
  1839 | D:2      | Found a snail-covered altar of Cheibriados.
  1922 | D:2      | Noticed Terence
  1946 | D:2      | Killed Terence
  1947 | D:2      | Gained mutation: You have a pair of small antennae on your
                  | head. [demonic ancestry]
  1947 | D:2      | Reached XP level 4. HP: 24/30 MP: 1/7
  2037 | D:2      | Noticed Robin
  2382 | D:2      | Reached skill level 6 in Conjurations
  2549 | D:2      | Gained mutation: You have large cloven feet. [demonic
                  | ancestry]
  2549 | D:2      | Reached XP level 5. HP: 35/35 MP: 3/9
  2915 | D:2      | Noticed Jessica
  2923 | D:2      | Killed Jessica
  3043 | D:2      | Killed Robin
  3757 | D:3      | Found a shadowy altar of Dithmenos.
  3953 | D:4      | Reached skill level 1 in Fighting
  3953 | D:4      | Gained mutation: You have a pair of antennae on your head.
                  | [demonic ancestry]
  3953 | D:4      | Reached XP level 6. HP: 43/43 MP: 7/12
  4326 | D:4      | Learned a level 4 spell: Fulminant Prism
  4622 | D:4      | Noticed Blork the orc
  4638 | D:4      | Killed Blork the orc
  5036 | D:4      | Found a runed translucent door.
  5036 | D:4      | Noticed kalagan's ghost (novice DECj)
  5170 | D:4      | Found a shimmering altar of Xom.
  5508 | D:5      | Entered Level 5 of the Dungeon
  5514 | D:5      | Gained mutation: Your flesh is cold resistant. (rC+)
                  | [demonic ancestry]
  5514 | D:5      | Reached XP level 7. HP: 54/54 MP: 7/13
  5809 | D:5      | Found a bloodstained altar of Trog.
  5815 | D:5      | Reached skill level 1 in Hexes
  5830 | D:5      | Noticed a troll
  5845 | D:5      | Mangled by a troll

Illustrated notes

Levels and vault maps discovered:
D:1:      evilmike_arrival_fibonacci_small, layout_loops_corners
D:2:      minmay_door_path, layout_loops_ring, general_overflow_altar,
          minmay_lizard_king, uniq_terence, uniq_robin, uniq_jessica
D:3:      layout_basic, old_standard_altar
D:4:      layout_basic, kennysheep_little_box, gammafunk_ghost_grave,
          uniq_blork_the_orc
D:5:      layout_cave_pools, makhleb_blood_cavern_becter,
          nicolae_overflow_crystal_walls

Skill      XL: |  1  2  3  4  5  6  7 |
---------------+----------------------+-----
Conjurations   | 5 6 |  6.0
Spellcasting   | 4 |  4.0
Fighting       | 1 4 |  4.0
Dodging        | 2 |  2.5
Hexes          | 1 |  1.2
Stealth        | |  1.7

Action                   |  1- 3 |  4- 6 |  7- 9 || total
-------------------------+-------+-------+-------++-------
Melee: Unarmed           |    10 |       |       ||    10
       Club              |     4 |       |       ||     4
       Dagger            |     5 |    78 |    15 ||    98
       Kick              |       |    12 |     3 ||    15
 Cast: Magic Dart        |    80 |   108 |     8 ||   196
Armor: Robe              |     4 |     9 |     1 ||    14
Dodge: Dodged            |    10 |    48 |     9 ||    67
